 Dungeon Crawl Stone Soup version 0.19-a0-1022-g07f772b (webtiles) character file.

224 Musica the Digger (level 5, -1/42 HPs)
             Began as a Deep Dwarf Earth Elementalist on July 27, 2016.
             Was an Initiate of Hepliaklqana.
             Slain by a jackal (2 damage)
             ... on level 4 of the Dungeon on July 28, 2016.
             The game lasted 00:16:58 (1775 turns).

Musica the Digger (Deep Dwarf Earth Elementalist)   Turns: 1775, Time: 00:16:58

Health: -1/42      AC:  2    Str: 12    XL:     5   Next: 67%
Magic:  8/10       EV: 12    Int: 16    God:    Hepliaklqana [......]
Gold:   126        SH:  0    Dex: 13    Spells: 2 memorised, 7 levels left

rFire  . . .     SeeInvis .     s - +1 morningstar
rCold  . . .     Gourm    .     c - +0 robe
rNeg   . . .     Faith    .     (no shield)
rPois  .         Spirit   .     (no helmet)
rElec  .         Dismiss  .     (no cloak)
rCorr  .         Reflect  .     (no gloves)
SustAt .         Harm     .     (no boots)
MR     .....                    (no amulet)
Stlth  ++........               (no ring)
                                (no ring)

@: non-regenerating, not resistant to hostile enchantments, unstealthy
A: damage resistance, recharge devices, sense surroundings 1, slow regeneration
3
a: Device Recharging, Recall Ancestor, Ancestor Identity, Renounce Religion


You were on level 4 of the Dungeon.
You worshipped Hepliaklqana.
Hepliaklqana was noncommittal.
You were not hungry.

You visited 1 branch of the dungeon, and saw 4 of its levels.

You collected 126 gold pieces.

Inventory:

Hand Weapons
 k - a +0 hunting sling
 s - a +1 morningstar (weapon)
Missiles
 b - 173 stones (quivered)
 g - 48 sling bullets
 r - 2 tomahawks
Armour
 c - a +0 robe (worn)
Magical Staves
 w - an uncursed staff of wizardry
Jewellery
 l - an uncursed ring of stealth
 p - an uncursed ring of protection from fire
Wands
 d - a wand of heal wounds (0/9)
 v - a wand of confusion (22/48)
Scrolls
 h - 2 scrolls of teleportation
 m - a scroll of remove curse
 n - a scroll of identify
 q - 2 scrolls of enchant armour {unknown}
Potions
 t - 2 potions of curing {unknown}
 u - a potion of resistance {unknown}
Books
 e - a book of Geomancy

   Spells                             Type                      Level
   a - Sandblast                      Earth                        1
   b - Passwall                       Transmutation/Earth          2
   c - Stone Arrow                    Conjuration/Earth            3
   d - Petrify                        Transmutation/Earth          4
   e - Lee's Rapid Deconstruction     Earth                        5
Comestibles
 f - a bread ration
 i - 3 fruits
 o - 2 meat rations


   Skills:
 + Level 1.6 Slings
 - Level 2.1 Dodging
 - Level 2.4 Stealth
 * Level 3.8 Spellcasting
   Level 0.8 Transmutations
 + Level 6.0 Earth Magic


You had 7 spell levels left.
You knew the following spells:

 Your Spells              Type           Power        Failure   Level  Hunger
a - Sandblast             Erth           ###...       1%          1    None
b - Stone Arrow           Conj/Erth      ##....       17%         3    ###....


Dungeon Overview and Level Annotations

Branches:
Dungeon (4/15)
 Temple: D:4-7

Altars:
Hepliaklqana
Trog
Xom
Yredelemnul


Innate Abilities, Weirdness & Mutations

You are resistant to damage.
You can recharge devices by infusing magical energy.
You passively map a small area around you.
You do not regenerate naturally.


Message History

* * * LOW HITPOINT WARNING * * *
Ahhotep hits the worm.
You are too injured to fight recklessly!
You are too injured to fight recklessly!
You are too injured to fight recklessly!
A jackal comes into view.
Ahhotep hits the worm.
Evoke which item? (* to show all) (? for menu, Esc to quit)
Okay, then.
As you read the scroll labeled VOMPEEM ONUONIUMY, it crumbles to dust.
You feel aware of your surroundings.
It was a scroll of magic mapping.
Ahhotep hits the worm.
As you read the scroll labeled COMUIBR HENTEC, it crumbles to dust.
It is a scroll of enchant weapon.
Enchant which weapon? (? for menu, Esc to quit)
Your +0 morningstar glows red for a moment.
The jackal bites you. The worm bites you!
* * * LOW HITPOINT WARNING * * *
Ahhotep hits the worm.
The jackal bites you.
You die...

***,*****,** *,* *,,* *
,,,,,,,,,,* *,******,,******
***,,,_,,,* *,,,,,,,,,,,,,,,
,,,,,,,,,,* **,*,***,,*,,,,[
*******,,,***
##,***,**,,*,***#
*******,,,,,* *.#####..^,..# #
,,,,,,*****,* *#..h.....,..# #
*,*,*,**###.######.#**,*,.,(.#
# ,,,,,,,,.......w@h.#
*,*,.,#.# #
*,*,*,*,###....Rh#.###.#*#.#.#
# *,,,,,*,*
######.#.....###.#$# #
***,,,,,* #.#.######..#.####
*******,* #.#.#####.#.†....<
,,,,,,>,* #.#......###..####
*******,* #.#.>...## ##.# *,*
#.#..###.###)##### *******,*
*<#(......#.†.....


You could see the friendly Ahhotep the ancestor, a worm and 3 jackals.

Vanquished Creatures
  2 orc wizards
  An orc priest (D:4)
  3 adders (D:2)
  A worm (D:3)
  A dart slug (D:4)
  3 giant geckos
  6 orcs
  2 giant cockroaches
  9 goblins
  10 hobgoblins
  3 jackals (D:2)
  A quokka (D:3)
  6 bats
  4 giant newts
  6 kobolds
  6 rats
64 creatures vanquished.

Vanquished Creatures (collateral kills)
  An orc priest (D:3)
  A jackal (D:4)
2 creatures vanquished.

Vanquished Creatures (others)
  An ancestor (D:3)
1 creature vanquished.

Grand Total: 67 creatures vanquished

Notes
Turn   | Place    | Note
-------+----------+-------------------------------------------
     0 | D:1      | Musica the Deep Dwarf Earth Elementalist began the quest for the Orb.
     0 | D:1      | Reached XP level 1. HP: 15/15 MP: 3/3
   222 | D:1      | Reached XP level 2. HP: 22/22 MP: 5/5
   626 | D:2      | Reached skill level 5 in Earth Magic
   653 | D:3      | Reached XP level 3. HP: 12/28 MP: 0/6
   972 | D:2      | Learned a level 3 spell: Stone Arrow
  1039 | D:2      | Found a hazy altar of Hepliaklqana.
  1042 | D:2      | Became a worshipper of Hepliaklqana
  1171 | D:2      | Found a bloodstained altar of Trog.
  1269 | D:2      | Reached skill level 1 in Slings
  1269 | D:2      | Reached XP level 4. HP: 29/36 MP: 5/8
  1402 | D:2      | Found a shimmering altar of Xom.
  1490 | D:3      | HP: 1/36 [orc/dagger (2)]
  1507 | D:3      | Reached XP level 5. HP: 13/42 MP: 0/9
  1525 | D:3      | Found a basalt altar of Yredelemnul.
  1698 | D:4      | Upgraded the game from 0.19-a0-1021-g80cc50c to 0.19-a0-1022-g07f772b
  1722 | D:4      | Reached skill level 6 in Earth Magic
  1775 | D:4      | HP: 1/42 [worm (6)]
  1775 | D:4      | Slain by a jackal

Vault maps used:
D:1:      scummos_arrival_forest, kennysheep_another_room
D:2:      lemuel_doored_altar, tgw_xom, trog_book
D:3:      lemuel_crystal_altar, makhleb_altar_promises_db
D:4:      dancing_weapons_uskayaw, first_bread, hex_tiny

Skill      XL: |  1  2  3  4  5 |
---------------+----------------+-----
Spellcasting   | 2 3 |  3.8
Earth Magic    | 5 6 |  6.0
Slings         | 1 |  1.6
Dodging        | |  2.1
Stealth        | |  2.4
Transmutations | |  0.8

Action                   |  1- 3 |  4- 6 || total
-------------------------+-------+-------++-------
Melee: Unarmed           |    21 |       ||    21
       Club              |    19 |     8 ||    27
       Morningstar       |       |    17 ||    17
 Fire: Hunting sling     |    32 |       ||    32
 Cast: Sandblast         |    35 |    38 ||    73
Evoke: Wand              |     2 |     3 ||     5
  Use: Scroll            |     3 |     2 ||     5
       Potion            |     3 |     2 ||     5
 Stab: Sleeping          |     3 |       ||     3
  Eat: Chunk             |     2 |     2 ||     4
Armor: Robe              |    13 |    11 ||    24
Dodge: Dodged            |    78 |    53 ||   131
